 Dungeon Crawl Stone Soup version 0.23-a0-448-g1c01f63178 (webtiles) character file.

117215 Ladeesh the Geomancer (level 16, -3/89 HPs)
             Began as a Gargoyle Earth Elementalist on Nov 20, 2018.
             Was a High Priest of Vehumet.
             Killed from afar by a deep elf mage (9 damage)
             ... with a bolt of cold
             ... on level 2 of the Elven Halls.
             The game lasted 01:39:34 (32384 turns).

Ladeesh the Geomancer (GrEE)                       Turns: 32384, Time: 01:39:35

Health: -3/89      AC: 31    Str: 12    XL:     16   Next: 73%
Magic:  28/30      EV: 18    Int: 26    God:    Vehumet [*****.]
Gold:   2234       SH:  6    Dex: 16    Spells: 8/35 levels left

rFire    + + .     SeeInvis +   E - +11 flail "Dragonbane" {freeze, rF+ rN+ MR+ Dex+2}
rCold    . . .     Gourm    .   (no shield)
rNeg     + + +     Faith    .   L - +2 robe {Archmagi}
rPois    ∞         Spirit   .   h - +2 helmet {Int+3}
rElec    +         Reflect  +   H - +2 cloak
rCorr    .         Harm     .   (no gloves)
MR       ++...     Rnd*Rage +   z - +2 pair of boots Stlth ++........Rnd*Tele +
                                P - +6 amulet of reflection
HPRegen  0.24/turn              B - +4 ring of protection
MPRegen  0.22/turn              Z - ring "Kiffienn" {+Inv rF+ rN+ Dex+4 SInv}

@: very slightly contaminated, studying Maces & Flails, invisible
A: big wings, hooves 1, berserk 1, blink, frail 1, mutation resistance 1,
negative energy resistance 1, electricity resistance, teleportitis 1,
unbreathing, petrification resistance, rot immunity, AC +12
a: Fly, Blink, Renounce Religion


You were on level 2 of the Elven Halls.
You worshipped Vehumet.
Vehumet was extremely pleased with you.
You were hungry.

You visited 5 branches of the dungeon, and saw 25 of its levels.
You also visited: Sewer and Volcano.

You collected 2834 gold pieces.
You spent 600 gold pieces at shops.

Inventory:

Hand Weapons
 k - a +0 demon blade of electrocution
 E - the +11 flail "Dragonbane" (weapon) {freeze, rF+ rN+ MR+ Dex+2}
   (You found it on level 7 of the Dungeon)

   It has been specially enchanted to freeze those struck by it, causing extra
   injury to most foes and up to half again as much damage against particularly
   susceptible opponents.
   It can also slow down cold-blooded creatures.
   It affects your dexterity (+2).
   It protects you from fire.
   It protects you from negative energy.
   It affects your resistance to hostile enchantments.
 N - a +5 morningstar of holy wrath
Missiles
 b - 543 stones (quivered)
 e - 4 throwing nets
Armour
 h - a +2 helmet of intelligence (worn)
 j - a +2 shield
 u - a +2 pair of boots
 z - a +2 pair of boots (worn)
 H - a +2 cloak (worn)
 L - a +2 robe of the Archmagi (worn)
Magical Staves
 U - an uncursed staff of power
Jewellery
 y - an uncursed ring of protection from magic
 B - a +4 ring of protection (left hand)
 I - a +3 ring of protection
 O - the ring "Nousemn" {*Corrode rElec rC+ Str+3 Int+4}
   (You found it on level 12 of the Dungeon)

   [ring of intelligence]

   It affects your strength (+3).
   It affects your intelligence (+4).
   It protects you from cold.
   It insulates you from electricity.
   It may corrode you when you take damage.
 P - a +6 amulet of reflection (around neck)
 Z - the ring "Kiffienn" (right hand) {+Inv rF+ rN+ Dex+4 SInv}
   (You found it on level 6 of the Lair of Beasts)

   [ring of positive energy]

   It affects your dexterity (+4).
   It protects you from fire.
   It protects you from negative energy.
   It lets you see invisible.
   It lets you turn invisible.
Wands
 g - a wand of scattershot (5)
 r - a wand of iceblast (44)
 v - a wand of random effects (127)
 x - a wand of digging (17)
 D - a wand of paralysis (9)
 R - a wand of acid (7)
 Y - a wand of enslavement (3)
Scrolls
 a - 2 scrolls of amnesia
 f - 4 scrolls of magic mapping
 o - 12 scrolls of identify
 q - 10 scrolls of teleportation
 s - 12 scrolls of remove curse
 t - 2 scrolls of enchant armour
 w - 4 scrolls of enchant weapon
 J - 4 scrolls of blinking
 K - 6 scrolls of fog
Potions
 i - 3 potions of might
 l - 3 potions of lignification
 m - 3 potions of resistance
 n - 4 potions of curing
 p - 2 potions of haste
 A - 7 potions of agility
 C - a potion of berserk rage
 F - 2 potions of ambrosia
 G - 2 potions of magic
 T - 3 potions of brilliance
Books
 c - a manual of Maces & Flails
Miscellaneous
 W - a box of beasts
Comestibles
 d - 42 rations


   Skills:
 + Level 10.8 Fighting
 + Level 12.4 Maces & Flails
 + Level 10.9 Armour
 + Level 8.5 Dodging
 - Level 2.1 Stealth
 + Level 10.4 Spellcasting
 + Level 11.5 Conjurations
 - Level 0.7 Transmutations
 + Level 9.1 Fire Magic
 + Level 13.4 Earth Magic
 - Level 8.0 Evocations


You had 8 spell levels left.
You knew the following spells:

 Your Spells              Type           Power        Failure   Level  Hunger
a - Sandblast             Erth           ######       0%          1    None
b - Stone Arrow           Conj/Erth      ######       1%          3    None
c - Lee's Rapid Deconstr  Erth           #######...   1%          5    ####...
e - Irradiate             Conj/Tmut      ######....   2%          5    ####...
f - Blink                 Tloc           N/A          7%          2    None
g - Bolt of Fire          Conj/Fire      #######...   2%          6    #####..
h - Fireball              Conj/Fire      #######...   1%          5    ####...

Your spell library contained the following spells:

 Spells                   Type           Power        Failure   Level  Hunger
 Venom Bolt               Conj/Pois      ######....   3%          5    ####...
 Flame Tongue             Conj/Fire      #####        1%          1    None
 Magic Dart               Conj           ####         1%          1    None
 Passwall                 Tmut/Erth      ######..     1%          2    None
 Throw Flame              Conj/Fire      ######       1%          2    None
 Conjure Flame            Conj/Fire      #######.     1%          3    None
 Inner Flame              Hex/Fire       ######..     1%          3    None
 Mephitic Cloud           Conj/Pois/Air  ######..     1%          3    None
 Sticky Flame             Conj/Fire      #######.     1%          4    None
 Leda's Liquefaction      Hex/Erth       ######....   2%          4    None
 Petrify                  Tmut/Erth      ######..     2%          4    None
 Animate Skeleton         Necr           N/A          4%          1    None
 Apportation              Tloc           ###...       4%          1    None
 Confusing Touch          Hex            ###...       4%          1    None
 Corona                   Hex            ###....      4%          1    None
 Summon Small Mammal      Summ           ###.         4%          1    None
 Call Imp                 Summ           ###.....     7%          2    None
 Slow                     Hex            ###.....     7%          2    None
 Call Canine Familiar     Summ           ###.....     13%         3    None
 Portal Projectile        Hex/Tloc       ###...       13%         3    None
 Summon Guardian Golem    Hex/Summ       ###.....     13%         3    None
 Cause Fear               Hex            ###.......   41%         4    None
 Summon Ice Beast         Ice/Summ       ###.....     41%         4    None
 Summon Lightning Spire   Summ/Air       ###.....     41%         4    None
 Hydra Form               Tmut           ####......   99%         6    #####..
 Dragon Form              Tmut           ####......   100%        7    #######
 Statue Form              Tmut/Erth      Unusable     N/A         6    N/A

Dungeon Overview and Level Annotations

Branches:
Dungeon (14/15)            Temple (1/1) D:6            Lair (6/6) D:11
  Swamp (0/4) Lair:2        Snake (0/4) Lair:2        Slime (0/5) Lair:6
    Orc (2/2) D:10            Elf (2/3) Orc:2        Vaults (0/5) D:13

Altars:
Ashenzari
Cheibriados
Dithmenos
Elyvilon
Fedhas
Gozag
Hepliaklqana
Kikubaaqudgha
Makhleb
Nemelex Xobeh
Okawaru
Qazlal
Ru
Sif Muna
Trog
Uskayaw
Vehumet
Wu Jian
Xom
Yredelemnul
Zin
The Shining One
Jiyva

Shops:
D:4 [   D:10 ?   D:11 %   D:13 :   D:14 :   Orc:2 [[(*   Elf:1 ?   Elf:2 :

Annotations:
Elf:2 4 runed doors


Innate Abilities, Weirdness & Mutations

You are resistant to torment.
Your stone body is resilient. (AC +12)
You are immune to poison.
Your large and strong wings let you fly indefinitely.
You resist negative energy. (rN+)
You are resistant to electric shocks. (rElec)
You can survive without breathing.
You are immune to petrification.
You are immune to rotting.
You have large cloven feet.
You tend to lose your temper in combat.
You can translocate small distances at will.
You are frail. (-10% HP)
You are somewhat resistant to further mutation.
You are occasionally teleported next to monsters.


Message History

You kill the deep elf knight!
Vehumet accepts your kill.
You feel your power returning.
The chaos spawn is blasted with magical radiation!
The chaos spawn is almost dead.
The deep elf mage is blasted with magical radiation!
The deep elf mage is heavily wounded.
The deep elf mage twists and deforms.
The red devil is blasted with magical radiation!
You kill the red devil!
The deep elf mage is blasted with magical radiation!
You kill the deep elf mage!
Vehumet accepts your kill.
You feel your power returning.
The +2 battleaxe of chopping is blasted with magical radiation!
The +2 battleaxe of chopping is almost destroyed.
A +1 short sword of venom comes into view.
The deep elf mage gestures at you while chanting.
The bolt of cold hits you!
You die...

...............
(..............
...............
................
................
................
.....e..........
....(..().......
.##...)@......#
###.4e....###
##.....##
#.......#
#...........#
....#
...............
....#
................
....#
................
....#
################


You could see 2 deep elf magi, a chaos spawn and 3 dancing weapons.

Vanquished Creatures
  The ghost of gasznak the Earth Mage, an adept GrEE of Sif Muna (D:12)
  Kirke (D:12)
  An orc warlord (Orc:1)
  A stone giant (D:11)
  The ghost of oberejnoburuli the Spry, a journeyman OpMo of Cheibriados (Lair:4)
  2 ettins (D:11)
  2 deep elf death magi
  A deep elf high priest (Elf:1)
  4 catoblepae
  3 hydras
  A centaur warrior (D:13)
  9 two-headed ogres
  10 dancing weapons
  A tengu warrior (D:14)
  3 orc high priests (Orc:2)
  4 death yaks (Lair:6)
  14 deep elf knights
  A small abomination (Elf:1)
  2 unseen horrors
  An unseen horror (shapeshifter) (D:13)
  Pikel (D:5)
  5 deep elf archers
  5 orc knights
  A harpy (shapeshifter) (D:14)
  5 orc sorcerers (Orc:2)
  2 ugly things
  49 deep elf magi
  16 cyclopes
  8 elephants (Lair:6)
  2 manticores (Lair:6)
  6 black mambas
  A centaur zombie (D:13)
  Maurice (Orc:1)
  10 spiny frogs
  2 gargoyles
  A komodo dragon (shapeshifter) (D:13)
  7 komodo dragons
  A rime drake (Lair:3)
  3 tengu conjurers
  A polar bear (Lair:4)
  4 trolls
  A meliai (Lair:4)
  A queen bee (Lair:4)
  3 hornets (Lair:4)
  6 hippogriffs
  17 blink frogs (Lair:6)
  5 slime creatures (D:12)
  A spriggan (D:7)
  2 water elementals (Elf:1)
  A wraith (D:10)
  2 vampires (D:12)
  45 yaks
  2 hungry ghosts
  2 steam dragons
  3 wyverns
  A fire elemental (Elf:2)
  A fire bat (Volcano)
  3 neqoxecs (D:12)
  6 basilisks
  7 vampire mosquitoes
  2 soldier ants (D:12)
  7 wargs
  An acid dragon (D:11)
  2 hell hounds (Volcano)
  4 nagas (Lair:2)
  7 water moccasins
  3 ice beasts
  4 porcupines
  23 orc warriors
  A sky beast (D:8)
  A phantom (D:11)
  An eye of draining (D:11)
  3 black bears
  6 wolves
  14 ogres
  4 crocodiles
  12 centaurs
  2 big kobolds (Sewer)
  12 bullfrogs
  4 earth elementals
  2 scorpions
  10 killer bees
  4 electric eels (Lair:2)
  6 crimson imps
  2 hounds
  3 quasits
  5 jellies
  Crazy Yiuf (D:6)
  18 orc priests
  4 centaur skeletons
  20 orc wizards
  7 iguanas
  18 worker ants
  A hound zombie (D:11)
  A hound skeleton (D:6)
  A worker ant zombie (D:7)
  3 gnolls (D:4)
  18 adders
  6 river rats (Sewer)
  3 shadow imps
  An adder zombie (D:5)
  3 oozes
  9 worms
  3 dart slugs
  9 leopard geckos
  75 orcs
  5 ball pythons
  6 giant cockroaches
  5 goblins
  6 hobgoblins
  8 jackals
  20 kobolds
  3 quokkas
  17 bats
  12 frilled lizards
  A leopard gecko skeleton (D:4)
  A leopard gecko zombie (D:8)
  A quokka skeleton (D:4)
  32 rats
  A butterfly (D:7)
  A fungus (Lair:4)
  2 plants (Lair:6)
770 creatures vanquished.

Vanquished Creatures (others)
  A deep elf mage (Elf:1)
  A water elemental (Elf:2)
  An air elemental (Elf:2)
  2 fire elementals (Elf:2)
  2 humans (D:13)
  A wolf (D:11)
  A centaur (Volcano)
  2 bullfrogs (D:11)
  A killer bee zombie (D:5)
  An orc (Orc:2)
  3 bats (D:5)
  7 fungi (Lair:6)
  15 plants
38 creatures vanquished.

Grand Total: 808 creatures vanquished

Notes
Turn   | Place    | Note
-------+----------+-------------------------------------------
     0 | D:1      | Ladeesh the Gargoyle Earth Elementalist began the quest for
                  | the Orb.
     0 | D:1      | Reached XP level 1. HP: 10/10 MP: 3/3
   466 | D:1      | Reached skill level 4 in Earth Magic
   466 | D:1      | Reached XP level 2. HP: 14/15 MP: 5/5
  1426 | D:1      | Reached XP level 3. HP: 19/19 MP: 6/6
  1431 | D:1      | Learned a level 3 spell: Stone Arrow
  1879 | D:2      | Reached skill level 1 in Conjurations
  1879 | D:2      | Reached XP level 4. HP: 24/24 MP: 5/8
  2385 | D:2      | Reached skill level 5 in Earth Magic
  3159 | D:3      | Found a shattered altar of Ashenzari.
  3173 | D:3      | Reached XP level 5. HP: 27/28 MP: 6/9
  3693 | D:3      | Found a sacrificial altar of Ru.
  4194 | D:4      | Found a burning altar of Makhleb.
  4241 | D:4      | Found Ococuqen's Antique Armour Boutique.
  4251 | D:4      | Reached XP level 6. HP: 18/32 MP: 6/11
  4261 | D:4      | Learned a level 5 spell: Lee's Rapid Deconstruction
  4310 | D:4      | Found a glowing drain.
  4328 | Sewer    | Entered a sewer
  5031 | Sewer    | Reached skill level 6 in Earth Magic
  5473 | Sewer    | Reached XP level 7. HP: 36/36 MP: 13/13
  5963 | D:4      | You fall through a shaft for 2 floors!
  5987 | D:5      | Entered Level 5 of the Dungeon
  6691 | D:5      | Reached XP level 8. HP: 26/42 MP: 7/15
  6839 | D:5      | Reached skill level 1 in Fighting
  6839 | D:5      | Reached skill level 1 in Maces & Flails
  6839 | D:5      | Reached skill level 1 in Armour
  6839 | D:5      | Reached skill level 7 in Earth Magic
  6839 | D:5      | Reached skill level 1 in Evocations
  6853 | D:5      | Noticed Pikel
  6865 | D:5      | Killed Pikel
  6865 | D:5      | Reached skill level 5 in Spellcasting
  6865 | D:5      | Reached skill level 5 in Conjurations
  7170 | D:5      | Gained mutation: You occasionally shout uncontrollably at
                  | your foes. [potion of mutation]
  7170 | D:5      | Gained mutation: You are occasionally teleported next to
                  | monsters. [potion of mutation]
  7170 | D:5      | Gained mutation: Your body sometimes deteriorates upon
                  | taking damage. [potion of mutation]
  7170 | D:5      | Gained mutation: You are somewhat resistant to further
                  | mutation. [potion of mutation]
  7175 | D:5      | Found a hazy altar of Hepliaklqana.
  7463 | D:6      | Found a deep blue altar of Sif Muna.
  7680 | D:6      | Reached XP level 9. HP: 43/49 MP: 13/17
  8083 | D:6      | Got a jewelled falchion
  8084 | D:6      | Identified the cursed +1 falchion of Trog's Esteem {drain,
                  | rF- MR+ Int+10} (You found it on level 6 of the Dungeon)
  8186 | D:4      | Bought a pair of heavily runed gloves for 218 gold pieces
  8191 | D:4      | Identified the cursed -1 pair of gloves of the Poles {rF+}
                  | (You bought it in a shop on level 4 of the Dungeon)
  8442 | D:6      | Found a staircase to the Ecumenical Temple.
  8453 | Temple   | Entered the Ecumenical Temple
  8614 | Temple   | Became a worshipper of Vehumet
  8744 | D:6      | Found a runed door.
  8748 | D:6      | Noticed Crazy Yiuf
  8750 | D:6      | Killed Crazy Yiuf
  8888 | D:7      | Found a shimmering altar of Xom.
  9075 | D:7      | Got a transparent flail
  9076 | D:7      | Identified the +11 flail "Dragonbane" {freeze, rF+ rN+ MR+
                  | Dex+2} (You found it on level 7 of the Dungeon)
  9346 | D:7      | Reached skill level 8 in Earth Magic
  9628 | D:8      | Reached * piety under Vehumet
  9628 | D:8      | Offered knowledge of Freeze by Vehumet.
  9851 | D:8      | Found a blossoming altar of Fedhas.
  9875 | D:8      | Reached XP level 10. HP: 49/56 MP: 17/19
 10352 | D:8      | Lost mutation: Your body sometimes deteriorates upon taking
                  | damage. [potion of mutation]
 10352 | D:8      | Lost mutation: You occasionally shout uncontrollably at
                  | your foes. [potion of mutation]
 10352 | D:8      | Gained mutation: You have large cloven feet. [potion of
                  | mutation]
 10796 | D:9      | Found a bloodstained altar of Trog.
 10797 | D:9      | Noticed a moth of wrath
 10803 | D:9      | Reached ** piety under Vehumet
 10803 | D:9      | Offered knowledge of Throw Flame by Vehumet.
 10818 | D:9      | Learned a level 2 spell: Throw Flame
 10874 | D:9      | HP: 1/58 [yak (12)]
 11104 | D:9      | Learned a level 5 spell: Irradiate
 11111 | D:9      | Reached skill level 5 in Armour
 11153 | D:9      | Reached skill level 1 in Fire Magic
 11570 | D:10     | Entered Level 10 of the Dungeon
 11632 | D:10     | Learned a level 2 spell: Blink
 11770 | D:10     | Reached skill level 5 in Fighting
 11775 | D:10     | Found a shimmering altar of Xom.
 11780 | D:10     | Found a shimmering altar of Xom.
 11781 | D:10     | Found a shimmering altar of Xom.
 11781 | D:10     | Found a shimmering altar of Xom.
 11864 | D:10     | Reached skill level 9 in Earth Magic
 11876 | D:10     | Found a staircase to the Orcish Mines.
 11939 | D:10     | Offered knowledge of Searing Ray by Vehumet.
 12047 | D:10     | Found Etti's Magic Scroll Emporium.
 12068 | D:10     | Bought a scroll of blinking for 127 gold pieces
 12390 | D:11     | Reached XP level 11. HP: 64/64 MP: 20/20
 12489 | D:11     | Noticed a two-headed ogre
 12530 | D:11     | Killed a two-headed ogre
 12530 | D:11     | Reached skill level 5 in Maces & Flails
 12530 | D:11     | Reached *** piety under Vehumet
 12652 | D:11     | Noticed a cyan ugly thing
 12654 | D:11     | Noticed a deep elf mage
 12667 | D:11     | Killed a cyan ugly thing
 12676 | D:11     | Killed a deep elf mage
 12763 | D:11     | Noticed a cyclops
 12772 | D:11     | Killed a cyclops
 13004 | D:11     | Noticed a cyclops
 13017 | D:11     | Killed a cyclops
 13090 | D:11     | Offered knowledge of Static Discharge by Vehumet.
 13094 | D:11     | Found Gaivafay's Food Shoppe.
 13116 | D:11     | Found a staircase to the Lair.
 13398 | D:11     | Noticed a cyclops
 13408 | D:11     | Killed a cyclops
 13408 | D:11     | Reached skill level 5 in Evocations
 13522 | D:11     | Noticed a two-headed ogre
 13529 | D:11     | Killed a two-headed ogre
 13529 | D:11     | Reached skill level 5 in Dodging
 13820 | D:11     | Noticed a cyclops
 13820 | D:11     | Noticed a cyclops
 13820 | D:11     | Noticed a cyclops
 13820 | D:11     | Noticed a cyclops
 13820 | D:11     | Noticed a cyclops
 13829 | D:11     | Killed a cyclops
 13831 | D:11     | Killed a cyclops
 13834 | D:11     | Killed a cyclops
 13837 | D:11     | Killed a cyclops
 13837 | D:11     | Reached XP level 12. HP: 44/71 MP: 22/22
 13845 | D:11     | Reached **** piety under Vehumet
 14201 | D:11     | Reached skill level 10 in Earth Magic
 14262 | D:11     | Noticed an ettin
 14270 | D:11     | Noticed an ettin
 14285 | D:11     | Killed an ettin
 14302 | D:11     | Killed an ettin
 14608 | D:11     | Noticed a stone giant
 14624 | D:11     | Killed a stone giant
 14826 | D:11     | Noticed a two-headed ogre
 14827 | D:11     | Noticed a two-headed ogre
 14844 | D:11     | Offered knowledge of Sticky Flame by Vehumet.
 14844 | D:11     | Killed a two-headed ogre
 14845 | D:11     | Killed a two-headed ogre
 15393 | D:11     | Got a smoking war axe
 15412 | D:11     | Got a bone short sword
 15414 | D:11     | Identified the cursed +0 war axe of Qihybbur {chop, Stlth+}
                  | (You found it on level 11 of the Dungeon)
 15422 | D:11     | Identified the +2 short sword of Cyucwer {flame, rN+ Int+3}
                  | (You found it on level 11 of the Dungeon)
 15561 | D:12     | Noticed gasznak's ghost (adept GrEE)
 15577 | D:12     | Found a transporter.
 15759 | D:12     | Reached skill level 5 in Fire Magic
 16128 | D:12     | Found a transporter.
 16135 | D:12     | Noticed a two-headed ogre
 16151 | D:12     | Killed a two-headed ogre
 16151 | D:12     | Reached XP level 13. HP: 57/76 MP: 24/24
 16931 | D:12     | Gained mutation: You tend to lose your temper in combat. [a
                  | neqoxec]
 16981 | D:12     | Killed gasznak's ghost
 17028 | D:12     | Got the ring of Benevolence {Dex+4}
 17035 | D:12     | Got a clouded jade ring
 17183 | D:12     | Identified the ring "Nousemn" {*Corrode rElec rC+ Str+3
                  | Int+4} (You found it on level 12 of the Dungeon)
 17184 | D:12     | Identified the ring of Benevolence {rF+ Dex+4} (You found
                  | it on level 12 of the Dungeon)
 17213 | D:13     | Noticed Kirke
 17224 | D:12     | Killed Kirke
 17767 | D:13     | Found Foppiev's Book Shoppe.
 17789 | D:12     | Reached ***** piety under Vehumet
 17789 | D:12     | Offered knowledge of Bolt of Fire by Vehumet.
 17797 | D:12     | Learned a level 6 spell: Bolt of Fire
 18033 | D:13     | Reached skill level 11 in Earth Magic
 18462 | D:13     | Found a gate to the Vaults.
 19284 | D:14     | Found Ycvol's Book Boutique.
 20324 | Lair:1   | Entered Level 1 of the Lair of Beasts
 20332 | Lair:1   | Gained mutation: Your large and strong wings let you fly
                  | indefinitely. [Gargoyle growth]
 20332 | Lair:1   | Reached XP level 14. HP: 76/84 MP: 26/26
 21063 | Lair:2   | Found a staircase to the Snake Pit.
 21114 | Lair:2   | Found a staircase to the Swamp.
 21172 | Lair:2   | Found a deep blue altar of Sif Muna.
 21437 | Lair:2   | Found a dark tunnel.
 21447 | Volcano  | Entered a volcano
 21743 | Volcano  | Found the +0 Maxwell's etheric cage {RegenMP+ *Contam rElec
                  | MP+4}
 23182 | Lair:4   | Noticed oberejnoburuli's ghost (journeyman OpMo)
 23189 | Lair:4   | Found a transporter.
 23196 | Lair:4   | Found a transporter.
 23281 | Lair:4   | Reached skill level 10 in Conjurations
 23338 | Lair:4   | Killed oberejnoburuli's ghost
 24859 | Lair:6   | Entered Level 6 of the Lair of Beasts
 24876 | Lair:6   | Offered knowledge of Freezing Cloud by Vehumet.
 25387 | Lair:6   | Found a viscous altar of Jiyva.
 25387 | Lair:6   | Found a staircase to the Slime Pits.
 25427 | Lair:6   | Reached skill level 10 in Maces & Flails
 25427 | Lair:6   | Reached skill level 12 in Earth Magic
 25631 | Lair:6   | Reached XP level 15. HP: 86/90 MP: 16/28
 26423 | Lair:6   | Got a brightly glowing bronze ring
 26424 | Lair:6   | Identified the ring "Kiffienn" {+Inv rF+ rN+ Dex+4 SInv}
                  | (You found it on level 6 of the Lair of Beasts)
 27051 | Lair:6   | Offered knowledge of Fireball by Vehumet.
 27928 | Orc:1    | Entered Level 1 of the Orcish Mines
 27928 | Orc:1    | Noticed an orc warlord
 27939 | Orc:1    | Killed an orc warlord
 28391 | Orc:1    | Noticed Maurice
 28395 | Orc:1    | Killed Maurice
 28527 | Orc:1    | Found a bloodstained altar of Trog.
 28685 | Orc:2    | Entered Level 2 of the Orcish Mines
 28929 | Orc:2    | Found Pibeitwu's Antique Weapon Boutique.
 28929 | Orc:2    | Found Rogokk's Antique Armour Boutique.
 28929 | Orc:2    | Found Himm's Antique Armour Emporium.
 28929 | Orc:2    | Found Unebluhe's General Store.
 28937 | Orc:2    | Reached skill level 10 in Armour
 28939 | Orc:2    | Gained mutation: You are frail. (-10% HP) [mutagenic glow]
 28958 | Orc:2    | Bought a pair of glowing boots for 255 gold pieces
 28997 | Orc:2    | Gained mutation: You can translocate small distances at
                  | will. [mutagenic glow]
 29075 | Orc:2    | Learned a level 5 spell: Fireball
 29231 | Orc:2    | Found a staircase to the Elven Halls.
 29501 | Elf:1    | Entered Level 1 of the Elven Halls
 29536 | Elf:1    | Reached skill level 10 in Fighting
 29675 | Elf:1    | Offered knowledge of Venom Bolt by Vehumet.
 29756 | Elf:1    | Reached XP level 16. HP: 65/87 MP: 0/29
 29924 | Elf:1    | Found Nurph's Magic Scroll Shoppe.
 29999 | Elf:1    | You are sucked into a shaft!
 30017 | Elf:2    | Reached skill level 10 in Spellcasting
 30020 | Elf:2    | Reached skill level 13 in Earth Magic
 30066 | Elf:2    | Found a huge runed gate.
 30066 | Elf:2    | Found a huge runed gate.
 30066 | Elf:2    | Found a huge runed gate.
 30066 | Elf:2    | Found a huge runed gate.
 30075 | Elf:2    | Found a huge runed gate.
 31264 | Elf:2    | Found Lohotuz's Book Emporium.
 31354 | Elf:2    | Identified a scroll of acquirement
 32384 | Elf:2    | Killed from afar by a deep elf mage

Vault maps used:
D:1:      onia_arrival_mini_maze, minmay_unequal
D:2:      minmay_diamond_boxcup, kennysheep_pointless_box, minmay_curled_crystal
D:3:      hangedman_ru_absence, ashenzari_altar_1
D:4:      bloody_makhleb, portal_sewer_entry_b, serial_shops, shop,
          kennysheep_nondescript
D:5:      overflow_temple_1_default, first_ration, chequers_garden, st_stairs_1,
          roderic_batcave, hex_large, uniq_pikel
D:6:      tgw_sif, minmay_temple_entry_poolview, uniq_crazy_yiuf_cottage
D:7:      kennysheep_steamy, xom_butterflies, the_bakery
D:8:      fedhas_altar_2
D:9:      tgw_trog, moated_statue
D:10:     david_orc_3, serial_shops, shop_scrolls, xom_shifter_show
D:11:     giant_chief_lemuel, erik_lair_orcish_takeover, serial_shops,
          nicolae_shop_trees
D:12:     gammafunk_ghost_stat_death, hangedman_corner_corridor
D:13:     serial_shops, shop, uniq_kirke
D:14:     serial_shops, shop, minivault_24
Temple:   regret_index_temple_sphere_string
Lair:1:   ldierk_geyser, minivault_25, minivault_27, infiniplex_staircase_pool
Lair:2:   swamp_mist_pool, guppyfry_snake_entry_island, basic_altar,
          serial_bayou, serial_bayou_ford_a, serial_bayou_pond_e,
          serial_bayou_lagoon_b, serial_bayou_lake_a,
          nicolae_volcano_entry_hallway
Lair:3:   serial_bayou_shore_a
Lair:4:   gammafunk_ghost_hive, grunt_megastairs_1
Lair:6:   evilmike_catoblepas_cave, slime_altar_1,
          chequers_serial_rivers_small_a, minivault_26
Orc:1:    trog_butcher_becter, uniq_maurice
Orc:2:    grunt_orc_tribal_feast
Elf:1:    serial_shops, shop_statue, kennysheep_underground_church
Elf:2:    serial_shops, nicolae_shop_statue_plus, minivault_28
Sewer:    sewer_minmay_treatment
Volcano:  volcano_village

Skill      XL: |  1  2  3  4  5  6  7  8  9 10 11 12 13 14 15 16 |
---------------+-------------------------------------------------+-----
Earth Magic    | 4 5 6 7 8 9 10 11 12 13 | 13.4
Conjurations   | 1 2 3 4 5 6 7 8 9 10 11 | 11.5
Spellcasting   | 3 4 5 6 7 8 9 10 | 10.4
Fighting       | 2 4 5 6 7 8 9 10 | 10.8
Maces & Flails | 2 3 4 5 7 8 10 11 12 | 12.4
Armour         | 2 4 5 6 7 8 9 10 | 10.9
Dodging        | 2 3 4 5 6 7 8 |  8.5
Evocations     | 2 3 4 5 6 7 8 |  8.0
Fire Magic     | 2 3 5 6 7 8 9 |  9.1
Stealth        | |  2.1
Transmutations | |  0.7

Action                   |  1- 3 |  4- 6 |  7- 9 | 10-12 | 13-15 | 16-18 || total
-------------------------+-------+-------+-------+-------+-------+-------++-------
Melee: Unarmed           |    60 |       |       |       |       |       ||    60
       Hand axe          |    56 |    77 |       |       |       |       ||   133
       Falchion          |       |   155 |   157 |       |       |       ||   312
       Flail             |       |       |    57 |   254 |   886 |   275 ||  1472
 Cast: Sandblast         |    17 |    44 |    37 |    76 |    29 |       ||   203
       Stone Arrow       |       |     2 |    18 |    40 |    58 |     7 ||   125
       Lee's Rapid Decon |       |       |     3 |    22 |    54 |     8 ||    87
       Blink             |       |       |       |     1 |     1 |       ||     2
       Irradiate         |       |       |       |       |    15 |     4 ||    19
       Bolt of Fire      |       |       |       |       |    13 |       ||    13
 Abil: Fly               |       |       |       |       |     1 |       ||     1
       Evoke Invisibilit |       |       |       |       |     7 |     5 ||    12
       Stop Flying       |       |       |       |       |       |     1 ||     1
Evoke: Wand              |       |       |       |     8 |     2 |       ||    10
  Use: Scroll            |     1 |     3 |    22 |     5 |    12 |     8 ||    51
       Potion            |       |       |     2 |    19 |     6 |     4 ||    31
 Stab: Sleeping          |     7 |    14 |     6 |    10 |     8 |       ||    45
       Invisible         |       |       |       |     3 |    21 |    20 ||    44
       Distracted        |       |       |       |       |     5 |       ||     5
  Eat: Chunk             |     3 |    12 |    16 |    20 |    46 |     4 ||   101
       Ration            |       |       |       |     2 |     6 |     2 ||    10
Armor: Robe              |    44 |   133 |   109 |   158 |   521 |    88 ||  1053
Dodge: Dodged            |   106 |   211 |   218 |   237 |   778 |   172 ||  1722
Block: Other             |       |    57 |    47 |    57 |   307 |    67 ||   535
       Reflection        |       |     2 |       |     2 |    13 |     3 ||    20
       Rpst.: Falchion   |       |    34 |    52 |       |       |       ||    86

Table legend:
 A = Non-vault XP
 B = Vault XP
 C = Vault XP percentage of total XP
 D = Non-vault monster count
 E = Vault monster count
 F = Vault count percentage of total count
                 A         B        C        D         E       F
            +---------+---------+-------+---------+---------+-------
      Total |  106231 |   61219 |  36.6 |     530 |     241 |  31.3
            +---------+---------+-------+---------+---------+-------
        D:1 |      37 |       5 |  11.9 |      20 |       4 |  16.7
        D:2 |      56 |      26 |  31.7 |      16 |       9 |  36.0
        D:3 |      91 |       0 |   0.0 |      28 |       0 |   0.0
        D:4 |     219 |      20 |   8.4 |      12 |       5 |  29.4
        D:5 |     587 |     661 |  53.0 |      22 |       8 |  26.7
        D:6 |     757 |      81 |   9.7 |      21 |       2 |   8.7
        D:7 |     411 |     239 |  36.8 |      13 |       1 |   7.1
        D:8 |    1640 |     194 |  10.6 |      23 |       1 |   4.2
        D:9 |    2252 |     194 |   7.9 |      33 |       6 |  15.4
       D:10 |     882 |     347 |  28.2 |      15 |       4 |  21.1
       D:11 |    7133 |   12468 |  63.6 |      35 |      32 |  47.8
       D:12 |    7907 |    5011 |  38.8 |      42 |       7 |  14.3
       D:13 |    5283 |       0 |   0.0 |      17 |       0 |   0.0
       D:14 |    7247 |       0 |   0.0 |      24 |       0 |   0.0
     Lair:1 |    2262 |       0 |   0.0 |      10 |       0 |   0.0
     Lair:2 |    2923 |     634 |  17.8 |      12 |       4 |  25.0
     Lair:3 |    2553 |       0 |   0.0 |      11 |       0 |   0.0
     Lair:4 |    3964 |    4050 |  50.5 |      12 |      15 |  55.6
     Lair:5 |    1891 |       0 |   0.0 |       8 |       0 |   0.0
     Lair:6 |   14490 |   10060 |  41.0 |      44 |      23 |  34.3
      Orc:1 |    3741 |     667 |  15.1 |      24 |       5 |  17.2
      Orc:2 |    2504 |    7909 |  76.0 |      25 |      30 |  54.5
      Elf:1 |   22692 |    3931 |  14.8 |      39 |       6 |  13.3
      Elf:2 |   14709 |   11629 |  44.2 |      24 |      22 |  47.8
      Sewer |       0 |     356 | 100.0 |       0 |      48 | 100.0
    Volcano |       0 |    2737 | 100.0 |       0 |       9 | 100.0
            +---------+---------+-------+---------+---------+-------
